 Dungeon Crawl Stone Soup version 0.30-a0-389-g8d7d949f56 (webtiles) character file.

Game seed: 11794312792475286723

3152 zupo the Cudgeller (level 9, -11/88 HPs)
             Began as a Troll Fighter on Dec 4, 2022.
             Was a Priest of Elyvilon.
             Mangled by a sixfirhy (12 damage)
             ... on level 8 of the Dungeon.
             The game lasted 01:18:37 (6689 turns).

zupo the Cudgeller (Troll Fighter)                  Turns: 6689, Time: 01:18:37

Health: -11/88     AC:  4    Str: 32    XL:     9   Next: 62%
Magic:  8/8        EV: 10    Int:  6    God:    Elyvilon [***...]
Gold:   329        SH: 14    Dex: 11    Spells: 8/8 levels left

rFire   . . .      SeeInvis .    L - +4 trident (flame)
rCold   . . .      Faith    .    c - +0 kite shield
rNeg    . . .      Spirit   .    b - +0 robe
rPois   .          Reflect  +    (helmet restricted)
rElec   .          Harm     .    (no cloak)
rCorr   .          Rampage  .    (gloves unavailable)
Will    .....                    (boots unavailable)
Stlth   +.........               e - amulet of reflection
HPRegen 1.14/turn                O - +6 ring of strength
MPRegen 0.11/turn                (no ring)

@: about to teleport, unable to read
A: large, unfitting armour, claws 3, regeneration 1, shaggy fur 1, tough skin 1,
no potion heal 1, inability to read after injury 1
a: Renounce Religion, Purification, Heal Other, Heal Self


You were on level 8 of the Dungeon.
You worshipped Elyvilon.
Elyvilon was most pleased with you.
You visited 2 branches of the dungeon, and saw 9 of its levels.

You collected 329 gold pieces.

Inventory:

Hand Weapons
 a - a +1 flail
 i - a +1 dagger of speed
 n - a +4 short sword
 x - a +2 vampiric trident
 y - a +2 whip of electrocution
 z - a +1 dagger of draining
 I - a +3 halberd
 L - a +4 trident of flaming (weapon)
 R - a +0 shortbow
 T - a +0 falchion of holy wrath
 V - a +2 whip of distortion
Missiles
 d - 21 poisoned darts (quivered)
 j - 6 atropa-tipped darts
 o - 68 stones
Armour
 b - a +0 robe (worn)
 c - a +0 kite shield (worn)
 q - +0 steam dragon scales
 r - the +1 robe of Watchfulness {Will+ Str+4 Slay-5}
   (You found it on level 5 of the Dungeon)

   Str:       It affects your strength (+4).
   Slay:      It affects your accuracy & damage with ranged weapons and melee
   (-5).
   Will:      It increases your willpower.
 K - a +0 ring mail
 W - a +0 chain mail
 X - a +0 plate armour of cold resistance
Magical Staves
 g - a staff of poison
 m - a staff of cold
Jewellery
 e - an amulet of reflection (around neck)
 k - an amulet of faith
 O - a +6 ring of strength (left claw)
 Z - an amulet of regeneration
Wands
 s - a wand of light (6)
 w - a wand of charming (13)
 D - a wand of digging (5)
Scrolls
 t - 2 scrolls of immolation
 u - 3 scrolls of teleportation
 F - a scroll of blinking {unknown}
 N - 2 scrolls of poison {unknown}
 Q - a scroll of brand weapon {unknown}
 S - a scroll of vulnerability {unknown}
 Y - a scroll of enchant armour {unknown}
Potions
 f - 2 potions of mutation {unknown}
 h - a potion of lignification {unknown}
 l - 6 potions of curing
 p - a potion of resistance {unknown}
 v - a potion of attraction {unknown}
 C - 3 potions of invisibility
 E - a potion of berserk rage {unknown}
 H - a potion of heal wounds
 M - a potion of magic {unknown}
 P - a potion of brilliance {unknown}
 U - a potion of might


   Skills:
 + Level 5.1 Fighting
 + Level 7.2 Maces & Flails
 + Level 2.3 Polearms
 + Level 1.3 Throwing
 + Level 5.6 Dodging
 + Level 0.6 Stealth
 + Level 6.6 Shields


You had 8 spell levels left.
You didn't know any spells.
Your spell library contained the following spells:

 Spells                   Type           Power      Damage    Failure   Level
 Shock                    Conj/Air       0%         1d3       71%         1
 Ensorcelled Hibernation  Hex/Ice        0%         N/A       85%         2
 Passwall                 Tmut/Erth      0%         N/A       85%         2
 Spider Form              Tmut/Pois      0%         N/A       97%         3
 Swiftness                Air            0%         N/A       97%         3
 Airstrike                Air            0%         2d(0-16)  100%        4
 Anguish                  Hex/Necr       0%         N/A       100%        4


Dungeon Overview and Level Annotations

Branches:
Dungeon (8/15)             Temple (1/1) D:5
   Lair: D:8-11

Altars:
Ashenzari
Cheibriados
Dithmenos
Elyvilon
Fedhas
Hepliaklqana
Kikubaaqudgha
Makhleb
Okawaru
Qazlal
Ru
Sif Muna
Trog
Uskayaw
Vehumet
Wu Jian
Xom
Yredelemnul
Zin
The Shining One


Innate Abilities, Weirdness & Mutations

You are too large for most types of armour.
You have claws for hands.
Your natural rate of healing is unusually fast.
You are covered in fur. (AC +1)
You have tough skin. (AC +1)
Potions are less effective at restoring your health.
You occasionally lose the ability to read scrolls when taking damage.


Message History

You open the door.
There is an open door here.
There is a stormy altar of Qazlal here.
You kneel at the altar of Qazlal.
There is an open door here.
You can now provide healing for yourself.
A - 3 scrolls of amnesia You drop 3 scrolls of amnesia.
You see here 3 scrolls of amnesia.
You see here a +0 robe.
There is a stone staircase leading down here.
l - 6 potions of curing (gained 1)
Found a scale mail.
You see here a +0 scale mail.
Found a runed translucent door.
Found a burning altar of Makhleb.
You open the door. The sixfirhy hits you. The sixfirhy shocks you!
You completely miss the sixfirhy. You miss the sixfirhy.
You block the sixfirhy's attack. x2
The sixfirhy barely misses you.
You completely miss the sixfirhy. You block the sixfirhy's attack.
The sixfirhy closely misses you. The sixfirhy hits you!
The sixfirhy shocks you! The sixfirhy misses you. The sixfirhy hits you.
The sixfirhy shocks you! The sixfirhy attacks as you move away!
You block the sixfirhy's attack. The sixfirhy hits you.
The sixfirhy shocks you! The sixfirhy hits you!
* * * LOW HITPOINT WARNING * * *
The sixfirhy shocks you!
* * * LOW HITPOINT WARNING * * *
As you read the scroll of teleportation, it crumbles to dust.
You feel strangely unstable. The sixfirhy hits you.
* * * LOW HITPOINT WARNING * * *
The sixfirhy shocks you!
* * * LOW HITPOINT WARNING * * *
You block the sixfirhy's attack. The sixfirhy barely misses you.
The sixfirhy hits you.
* * * LOW HITPOINT WARNING * * *
The sixfirhy shocks you!
You feel threatened and lose the ability to read scrolls!
You die...

##### #...# ###.#.###
######
#...#[..#####....####
#.#####........3@...#
.#..#...###.#'#.###.#
###.#..####.#_#.###.###
.#..........###........
#.#########.....##...##
.## ####### ..# .# .#
.###### .. ......# #


You could see a sixfirhy.

Vanquished Creatures
  Pikel (D:5)
  The ghost of tio the Grave Robber, a novice DsNe (D:5)
  A wyvern (D:7)
  A steam dragon (D:8)
  An orc warrior (D:8)
  An ice beast (D:7)
  An ogre (D:6)
  2 centaurs
  2 phantoms
  A kobold brigand (D:8)
  A bullfrog (D:6)
  A gnoll sergeant (D:6)
  5 scorpions
  2 necrophages
  5 hounds
  3 jellies
  6 orc priests
  A gnoll bouda (D:5)
  5 iguanas
  3 orc wizards
  17 gnolls
  4 adders
  A white imp (D:6)
  4 worms
  A dart slug (D:3)
  19 orcs
  4 endoplasms
  4 giant cockroaches
  9 goblins
  9 hobgoblins
  5 quokkas
  7 ball pythons
  9 bats
  2 frilled lizards (D:2)
  13 kobolds
  5 rats
  7 toadstools (D:1)
164 creatures vanquished.

Vanquished Creatures (others)
  9 fungi (D:7)
9 creatures vanquished.

Grand Total: 173 creatures vanquished

Notes
Turn   | Place    | Note
-------+----------+-------------------------------------------
     0 | D:1      | zupo the Troll Fighter began the quest for the Orb.
     0 | D:1      | Reached XP level 1. HP: 22/22 MP: 0/0
   164 | D:1      | Reached XP level 2. HP: 28/29 MP: 1/1
   469 | D:1      | Reached skill level 2 in Maces & Flails
   494 | D:1      | Reached XP level 3. HP: 31/33 MP: 2/2
  1550 | D:3      | Noticed a phantom
  1561 | D:3      | Killed a phantom
  1562 | D:3      | Reached XP level 4. HP: 20/45 MP: 3/3
  1562 | D:3      | Reached XP level 5. HP: 23/53 MP: 4/4
  1979 | D:3      | Reached skill level 3 in Maces & Flails
  2008 | D:3      | Gained mutation: You occasionally lose the ability to read
                  | scrolls when taking damage. [mutagenic glow]
  2054 | D:3      | Gained mutation: Potions are less effective at restoring
                  | your health. [mutagenic glow]
  2570 | D:4      | Reached XP level 6. HP: 61/61 MP: 5/5
  2964 | D:4      | Reached skill level 4 in Maces & Flails
  3092 | D:4      | Reached XP level 7. HP: 40/67 MP: 6/6
  3341 | D:5      | Entered Level 5 of the Dungeon
  3521 | D:5      | Found a large runed translucent door.
  3521 | D:5      | Found a large runed translucent door.
  3523 | D:5      | Noticed tio's ghost (novice DsNe)
  3538 | D:5      | Killed tio's ghost
  3539 | D:5      | Reached skill level 5 in Maces & Flails
  3628 | D:5      | Identified the +1 robe of Watchfulness {Will+ Str+4 Slay-5}
  3628 | D:5      | Noticed Pikel
  3656 | D:5      | Killed Pikel
  3657 | D:5      | Reached skill level 6 in Maces & Flails
  3657 | D:5      | Reached skill level 5 in Shields
  3657 | D:5      | Reached XP level 8. HP: 73/78 MP: 7/7
  3695 | D:5      | Found a staircase to the Ecumenical Temple.
  3812 | D:5      | Reached skill level 1 in Throwing
  4214 | Temple   | Entered the Ecumenical Temple
  4337 | Temple   | Became a worshipper of Elyvilon the Healer
  4819 | D:6      | Found a hide-covered altar of Uskayaw.
  4922 | D:6      | Reached skill level 7 in Maces & Flails
  4922 | D:6      | Reached XP level 9. HP: 69/85 MP: 8/8
  5063 | D:6      | Reached skill level 5 in Dodging
  5227 | D:7      | Reached * piety under Elyvilon
  5542 | D:7      | Reached ** piety under Elyvilon
  5556 | D:7      | Found a radiant altar of Vehumet.
  5562 | D:7      | Found a blossoming altar of Fedhas.
  5568 | D:7      | Found a broken altar of Ashenzari.
  5570 | D:7      | Found a hazy altar of Hepliaklqana.
  5589 | D:7      | Found a sacrificial altar of Ru.
  6054 | D:7      | Reached skill level 1 in Polearms
  6421 | D:8      | Reached skill level 5 in Fighting
  6483 | D:8      | Found a basalt altar of Yredelemnul.
  6552 | D:8      | Found a stormy altar of Qazlal.
  6578 | D:8      | Reached *** piety under Elyvilon
  6665 | D:8      | Found a runed translucent door.
  6680 | D:8      | Found a burning altar of Makhleb.
  6680 | D:8      | Noticed a sixfirhy
  6689 | D:8      | HP: 4/88 [sixfirhy (11)]
  6689 | D:8      | HP: 1/88 [sixfirhy (3)]
  6689 | D:8      | Mangled by a sixfirhy

Illustrated notes

Levels and vault maps discovered:
D:1:      nagdon_arrival_double_spiral, layout_basic
D:2:      layout_loops_corners, minmay_distorted
D:3:      cheibrodos_pilgrimage, layout_basic
D:4:      layout_loops_ring, serial_bayou_ford_a, minmay_splitting_lines,
          roderic_roman_lattice
D:5:      layout_loops_ring, minmay_temple_entry_crystal_x,
          ebering_ghost_disaster_area, uniq_pikel
D:6:      layout_rooms, mainiacjoe_overflow_catwalk
D:7:      layout_loops_corners, nicolae_overflow_hallway_of_the_gods,
          dreamdust_gnoll_farm
D:8:      layout_loops_ring, old_standard_altar, nzn_makhleb_speed_demon,
          lemuel_doored_altar
Temple:   hellmonk_temple_of_storms

Skill      XL: |  1  2  3  4  5  6  7  8  9 |
---------------+----------------------------+-----
Shields        | 3 4 5 6 |  6.6
Maces & Flails | 2 3 4 6 7 |  7.2
Fighting       | 3 4 5 |  5.1
Dodging        | 3 4 5 |  5.6
Throwing       | 1 |  1.3
Polearms       | 2 |  2.3
Stealth        | |  0.6

Action                   |  1- 3 |  4- 6 |  7- 9 || total
-------------------------+-------+-------+-------++-------
Melee: Flail             |   178 |    71 |   177 ||   426
       Whip              |       |    33 |       ||    33
       Trident           |       |       |   132 ||   132
Throw: Stone             |    11 |     1 |     8 ||    20
       Dart              |       |       |    10 ||    10
  Use: Scroll            |     2 |     4 |     4 ||    10
       Potion            |       |     1 |     2 ||     3
Armor: Robe              |    72 |    21 |    34 ||   127
Dodge: Dodged            |    57 |    31 |   116 ||   204
Block: Kite shield       |   146 |    38 |   253 ||   437
       Reflection        |     2 |     1 |    10 ||    13

Table legend: (Time is in decaauts)
 A = Elapsed time spent in this place.
 B = Non-inter-level travel time spent in this place.
 C = Inter-level travel time spent in this place.
 D = Time resting spent in this place.
 E = Time spent auto-exploring this place.
 F = Levels seen in this place.
 G = Mean time per level.
                   A        B        C        D        E       F      G
               +--------+--------+--------+--------+--------+-----+--------+
         Total |   6939 |   6580 |    359 |      0 |   1157 |   9 |  771.0 |
       Dungeon |   6801 |   6442 |    359 |      0 |   1157 |   8 |  850.1 |
        Temple |    137 |    137 |      0 |      0 |      0 |   1 |  137.0 |
               +--------+--------+--------+--------+--------+-----+--------+

Top non-repeatable levels by time:
     D:7: 1105 daAuts
     D:5: 1101 daAuts
     D:2: 1017 daAuts
     D:4: 936 daAuts
     D:3: 905 daAuts
     D:6: 683 daAuts
     D:1: 637 daAuts
     D:8: 414 daAuts
  Temple: 137 daAuts
